 Dungeon Crawl Stone Soup version 0.30-a0-168-g0b976cbdc4 (webtiles) character file.

Game seed: 16511087023017000795

76320 Inkie2 the Spry (level 16, -11/145 HPs)
             Began as a Meteoran Conjurer on Sept 29, 2022.
             Was a High Priest of Vehumet.
             Killed from afar by a starcursed mass (14 damage)
             ... with an accursed screaming
             ... on level 3 of the Abyss.
             The game lasted 01:04:45 (6209 turns).

Inkie2 the Spry (Meteoran Conjurer)                 Turns: 6209, Time: 01:04:46

Health: -11/145    AC: 13    Str:  8      XL:     16   Next: 48%
Magic:  19/21      EV: 19    Int: 24 (26) God:    Vehumet [*****.]
Gold:   882        SH:  0    Dex: 15      Spells: 5/27 levels left

rFire   . . .      SeeInvis .    B - +3 woodcutter's axe {vorpal}
rCold   + . .      Faith    .    (shield currently unavailable)
rNeg    + . .      Spirit   .    X - +3 troll leather armour
rPois   +          Reflect  .    E - +1 helmet
rElec   .          Harm     .    M - +2 ratskin cloak {*Rats rPois rN+ Str-1 Int-1 Dex+1}
rCorr   .          Rampage  .    q - +0 pair of gloves
Will    ++...      Rage     9%   f - +1 pair of boots {Fly}
Stlth   +.........               (no amulet)
HPRegen 0.00/turn                u - ring of protection from cold
MPRegen 0.17/turn                (no ring)

@: mighty, sick, flying, glowing
A: sense surroundings 2, otherworldly, glowing, explore regen, deterioration 1,
[berserk 2], [deformed body], [low MP 2]
a: Renounce Religion


You were on level 3 of the Abyss.
You worshipped Vehumet.
Vehumet was extremely pleased with you.
You visited 1 branch of the dungeon, and saw 15 of its levels.
You visited the Abyss 1 time.
You also visited: Bailey.

You collected 882 gold pieces.

Inventory:

Hand Weapons
 l - a +2 dagger of venom
 B - the +3 woodcutter's axe (weapon) {vorpal}
   (You found it on level 6 of the Dungeon)

   It inflicts extra damage upon your enemies.
Missiles
 W - 2 curare-tipped darts
Armour
 f - a +1 pair of boots of flying (worn)
 q - a +0 pair of gloves (worn)
 E - a +1 helmet (worn)
 G - +0 steam dragon scales
 L - +0 acid dragon scales
 M - the +2 ratskin cloak (worn) {*Rats rPois rN+ Str-1 Int-1 Dex+1}
   (You found it on level 9 of the Dungeon)

   When the wearer is hurt, rats may emerge from it to assist them.
   Str:       It affects your strength (-1).
   Int:       It affects your intelligence (-1).
   Dex:       It affects your dexterity (+1).
   rPois:     It protects you from poison.
   rN:        It protects you from negative energy.
 R - a +2 robe of willpower
 X - a +3 troll leather armour (worn)
Jewellery
 p - a ring of flight
 u - a ring of protection from cold (left hand)
Wands
 a - a wand of mindburst (6)
 r - a wand of flame (22)
 H - a wand of charming (14)
 K - a wand of iceblast (9)
 V - a wand of digging (2)
Scrolls
 b - 2 scrolls of immolation {unknown}
 c - 5 scrolls of enchant weapon
 j - 5 scrolls of teleportation {unknown}
 m - 2 scrolls of silence {unknown}
 n - 2 scrolls of noise {unknown}
 o - 3 scrolls of amnesia
 t - 5 scrolls of blinking {unknown}
 v - 2 scrolls of butterflies {unknown}
 w - a scroll of vulnerability
 x - a scroll of brand weapon {unknown}
 y - 3 scrolls of magic mapping {unknown}
 F - a scroll of torment {unknown}
 J - a scroll of fear {unknown}
 Q - a scroll of acquirement
 U - a scroll of poison {unknown}
Potions
 d - 5 potions of flight
 e - 2 potions of brilliance {unknown}
 h - 3 potions of might
 k - 2 potions of ambrosia
 z - a potion of resistance
 A - 2 potions of cancellation
 C - 3 potions of curing
 D - 3 potions of lignification
 I - 3 potions of degeneration {unknown}
 O - a potion of mutation
 S - a potion of haste


   Skills:
 + Level 13.8 Fighting
 + Level 15.2 Dodging
 - Level 1.4 Stealth
 - Level 6.1 Spellcasting
 - Level 12.9 Conjurations
 - Level 9.2 Hexes
 - Level 8.8 Fire Magic
 - Level 8.7 Air Magic


You had 5 spell levels left.
You knew the following spells:

 Your Spells              Type           Power      Damage    Failure   Level
a - Arcjolt               Conj/Air       28%        1d38      1%          5
b - Searing Ray           Conj           100%       2d8       1%          2
c - Fulminant Prism       Conj/Hex       28%        3d14      1%          4
d - Iskenderun's Mystic   Conj/Tloc      38%        2d9       2%          4
e - Inner Flame           Hex/Fire       50%        N/A       1%          3
f - Flame Wave            Conj/Fire      56%        2d13      1%          4

Your spell library contained the following spells:

 Spells                   Type           Power      Damage    Failure   Level
 Conjure Ball Lightning   Conj/Air       28%        3x3d8     5%          6
 Foxfire                  Conj/Fire      100%       2x1d9     1%          1
 Magic Dart               Conj           100%       1d8       1%          1
 Shock                    Conj/Air       100%       1d9       1%          1
 Slow                     Hex            100%       N/A       1%          1
 Scorch                   Fire           98%        2d10      1%          2
 Confusing Touch          Hex            51%        N/A       1%          3
 Dazzling Flash           Conj/Hex       100%       N/A       1%          3
 Hailstorm                Conj/Ice       38%        3d9       1%          3
 Kindle Blastsparks       Fire/Tloc/Air  70%        2d15      1%          3
 Mephitic Cloud           Conj/Pois/Air  42%        N/A       1%          3
 Swiftness                Air            49%        N/A       1%          3
 Airstrike                Air            24%        2d(4-20)  1%          4
 Sticky Flame             Conj/Fire      56%        2d7       1%          4
 Ensorcelled Hibernation  Hex/Ice        58%        N/A       2%          2
 Freeze                   Ice            28%        1d5       3%          1
 Ignite Poison            Fire/Tmut/Pois 21%        N/A       3%          3
 Freezing Cloud           Conj/Ice/Air   21%        6-21      4%          5
 Frozen Ramparts          Ice            14%        1d3       10%         3
 Necrotise                Necr           28%        1d5       12%         1
 Call Imp                 Summ           7%         N/A       17%         2
 Anguish                  Hex/Necr       14%        N/A       17%         4
 Gell's Gravitas          Tloc           7%         N/A       34%         3
 Spider Form              Tmut/Pois      7%         N/A       34%         3
 Teleport Other           Tloc           7%         N/A       34%         3
 Vampiric Draining        Necr           7%         2d6       34%         3
 Ice Form                 Ice/Tmut       7%         N/A       75%         4
 Summon Ice Beast         Ice/Summ       7%         N/A       75%         4
 Agony                    Necr           7%         N/A       97%         5
 Dispersal                Tloc           3%         N/A       100%        6
 Summon Cactus Giant      Summ           3%         N/A       100%        6


Dungeon Overview and Level Annotations

Branches:
Dungeon (15/15) Zot: 3244  Temple (0/1) D:7            Lair (0/5) D:9
    Orc (0/2) D:9          Bailey (visited)
 Vaults: D:13-14     Depths: D:15

Altars:
Dithmenos
Gozag
Kikubaaqudgha
Qazlal
Uskayaw
Vehumet

Annotations:
D:14 Roxanne


Innate Abilities, Weirdness & Mutations

You passively map the area around you.
You are easily found by Zot.
You glow in the dark.
You regain HP and MP as you explore.
Your body sometimes deteriorates upon taking damage.
[You have an uncontrollable temper.]
[Armour fits poorly on your strangely shaped body.]
[Your magical capacity is very low. (-20% MP)]


Message History

* * * LOW HITPOINT WARNING * * *
You feel the corruption within you wane somewhat.
You feel a little healthier.
Your urge to scream lessens.
Your urge to shout disappears.
A wave of flame ripples out!
The flame wave engulfs the thrashing horror.
The thrashing horror resists.
The thrashing horror is moderately damaged.
The flame wave engulfs the wretched star.
The wretched star resists.
The wretched star is almost destroyed.
The flame wave engulfs the small abomination!!
The small abomination is almost destroyed.
The flame wave engulfs the starcursed mass!
You destroy the starcursed mass!
Vehumet accepts your kill.
The flame wave engulfs the starcursed mass!
The starcursed mass is moderately damaged.
The flame wave engulfs the iron imp.
The iron imp completely resists.
The flame wave engulfs the starcursed mass but does no damage.
The starcursed mass is moderately damaged.
The flame wave engulfs the tentacled starspawn!
The tentacled starspawn is almost destroyed.
The starcursed mass shudders and withdraws towards its neighbour. x3
You hear a roar!
The thrashing horror tramples you!
* * * LOW HITPOINT WARNING * * *
You hold your ground!
The thrashing horror closely misses you.
The small abomination hits you but does no damage.
The wretched star glows turbulently.
The lance of force hits you!!
* * * LOW HITPOINT WARNING * * *
You are knocked back by the lance of force.
You collide with the thrashing horror!
The thrashing horror is heavily damaged.
* * * LOW HITPOINT WARNING * * *
A starspawn tentacle comes into view.
A deafening chorus of shrieks assaults your mind!
You die...

. . #.. .....# .
. # ## . X##.. #
. #..## .#. . #
.# # # ... # #
##. ##.###.#.. .
#.###. #.....#.
.
##...##.###....#
. #F.XX#X# ..#
###XX○.@#..
##.φ##wX#*x°.#
....XX.w...5..#
.....X#.###..#.#
..##X..# #.# #
...*X .# X...#.
.. .X..# ##.


XXX # You could see 7 starcursed masses, a tentacled starspawn, a wretched star,
a thrashing horror, a large abomination, a blink frog, a small abomination, 2
starspawn tentacles and an iron imp.

Vanquished Creatures
  A green death (Abyss:3)
  Josephine (D:10)
  2 two-headed ogres
  2 tengu warriors (D:14)
  2 orc knights (Bailey)
  An ugly thing (D:11)
  A cyclops (D:13)
  A worldbinder (Abyss:3)
  A manticore (D:13)
  A large abomination (Abyss:3)
  An unseen horror (D:11)
  A kobold demonologist (D:12)
  A tengu conjurer (D:14)
  2 trolls (D:13)
  10 slime creatures
  A raiju (Abyss:3)
  2 vampires
  Sigmund (D:4)
  14 yaks
  A basilisk (D:11)
  2 neqoxecs (Abyss:3)
  7 wraiths
  A steam dragon (D:8)
  Grum (D:9)
  A chaos spawn (Abyss:3)
  7 vampire mosquitoes
  3 acid dragons
  3 wargs (D:9)
  11 orc warriors
  2 ice beasts
  A black bear (D:7)
  3 wolves (D:9)
  4 centaurs
  6 kobold brigands
  2 necrophages
  2 bullfrogs
  5 gnoll sergeants
  4 scorpions
  4 wights (D:7)
  9 killer bees
  A howler monkey (D:7)
  7 starcursed masses (Abyss:3)
  3 hounds
  4 gnoll boudas
  A jelly (D:6)
  10 orc priests
  4 iguanas
  10 orc wizards
  Robin (D:2)
  10 adders
  21 gnolls
  2 dart slugs
  51 orcs
  11 endoplasms
  4 giant cockroaches
  18 goblins
  9 hobgoblins
  4 quokkas
  9 ball pythons
  2 bats (D:2)
  4 frilled lizards
  19 kobolds
  3 rats
  A fulminant prism (D:10)
  A starspawn tentacle (Abyss:3)
335 creatures vanquished.

Vanquished Creatures (collateral kills)
  2 thrashing horrors (Abyss:3)
  An ugly thing (D:13)
  An ancient zyme (Abyss:3)
  A troll (D:12)
  A vampire mosquito (D:12)
6 creatures vanquished.

Vanquished Creatures (others)
  120 fulminant prisms
  3 starspawn tentacles (Abyss:3)
123 creatures vanquished.

Grand Total: 464 creatures vanquished

Notes
Turn   | Place    | Note
-------+----------+-------------------------------------------
     0 | D:1      | Inkie2 the Meteoran Conjurer began the quest for the Orb.
     0 | D:1      | Reached XP level 1. HP: 14/14 MP: 5/5
    33 | D:1      | Reached XP level 2. HP: 17/20 MP: 0/7
    49 | D:1      | Learned a level 2 spell: Searing Ray
   155 | D:1      | Found a faded altar of an unknown god.
   184 | D:1      | Reached XP level 3. HP: 26/26 MP: 0/9
   409 | D:2      | Noticed Robin
   426 | D:2      | Reached XP level 4. HP: 33/33 MP: 6/11
   463 | D:2      | Killed Robin
   464 | D:2      | Reached skill level 5 in Spellcasting
   755 | D:3      | Reached XP level 5. HP: 38/38 MP: 11/14
   761 | D:3      | Found a radiant altar of Vehumet.
   778 | D:3      | Became a worshipper of Vehumet
   809 | D:3      | Learned a level 4 spell: Fulminant Prism
   921 | D:3      | Reached skill level 5 in Conjurations
   938 | D:3      | Reached skill level 1 in Hexes
  1036 | D:4      | Reached XP level 6. HP: 45/45 MP: 13/16
  1163 | D:4      | Reached * piety under Vehumet
  1163 | D:4      | Offered knowledge of Shock by Vehumet.
  1172 | D:4      | Learned a level 4 spell: Iskenderun's Mystic Blast
  1258 | D:4      | Reached XP level 7. HP: 33/50 MP: 7/17
  1264 | D:4      | Noticed a +0 falchion
  1264 | D:4      | Noticed a +0 short sword
  1264 | D:4      | Noticed Sigmund
  1272 | D:4      | Killed Sigmund
  1277 | D:4      | Noticed a +0 short sword
  1279 | D:4      | Noticed a +0 dagger
  1279 | D:4      | Noticed a +0 falchion
  1280 | D:4      | Noticed a +0 dagger
  1280 | D:4      | Noticed a +0 spear
  1281 | D:4      | Noticed a +0 spear
  1284 | D:4      | Found a hide-covered altar of Uskayaw.
  1321 | D:5      | Entered Level 5 of the Dungeon
  1333 | D:5      | Reached skill level 5 in Hexes
  1467 | D:5      | Reached XP level 8. HP: 57/57 MP: 15/18
  1825 | D:6      | Reached ** piety under Vehumet
  1825 | D:6      | Offered knowledge of Freeze by Vehumet.
  1829 | D:6      | Gained mutation: You passively map the area around you.
                  | [Meteoran growth]
  1829 | D:6      | Reached XP level 9. HP: 58/62 MP: 12/19
  2176 | D:6      | Found the +3 woodcutter's axe {vorpal}
  2263 | D:7      | Reached skill level 10 in Conjurations
  2285 | D:7      | Offered knowledge of Poisonous Vapours by Vehumet.
  2343 | D:7      | Found a staircase to the Ecumenical Temple.
  2476 | D:7      | Reached *** piety under Vehumet
  2493 | D:7      | Reached skill level 1 in Fighting
  2545 | D:8      | Reached skill level 3 in Dodging
  2559 | D:8      | Reached XP level 10. HP: 41/73 MP: 14/20
  2570 | D:8      | Reached skill level 4 in Dodging
  2587 | D:8      | Offered knowledge of Inner Flame by Vehumet.
  2710 | D:8      | Reached skill level 5 in Dodging
  2857 | D:8      | Reached skill level 6 in Dodging
  2870 | D:8      | Reached **** piety under Vehumet
  2871 | D:8      | Reached skill level 5 in Fighting
  2986 | D:9      | Found a staircase to the Orcish Mines.
  2994 | D:9      | Noticed Grum
  3001 | D:9      | Killed Grum
  3002 | D:9      | Reached skill level 7 in Dodging
  3010 | D:9      | Found the +2 ratskin cloak {*Rats rPois rN+ Str-1 Int-1
                  | Dex+1}
  3071 | D:10     | Entered Level 10 of the Dungeon
  3129 | D:9      | Learned a level 3 spell: Inner Flame
  3160 | D:9      | Reached skill level 8 in Dodging
  3168 | D:9      | Offered knowledge of Arcjolt by Vehumet.
  3169 | D:9      | Reached XP level 11. HP: 81/92 MP: 13/21
  3213 | D:9      | Found a staircase to the Lair.
  3224 | D:9      | Found a stormy altar of Qazlal.
  3225 | D:9      | Found a shadowy altar of Dithmenos.
  3233 | D:9      | Reached skill level 9 in Dodging
  3366 | D:9      | Found a flagged portal.
  3378 | Bailey   | Entered a bailey
  3562 | Bailey   | Noticed an orc knight
  3570 | Bailey   | Killed an orc knight
  3574 | Bailey   | Reached skill level 10 in Dodging
  3604 | Bailey   | Noticed an orc knight
  3675 | Bailey   | Killed an orc knight
  3697 | Bailey   | Learned a level 4 spell: Flame Wave
  3759 | D:9      | Learned a level 5 spell: Arcjolt
  3923 | D:10     | Noticed a two-headed ogre
  3929 | D:10     | Killed a two-headed ogre
  3991 | D:10     | Noticed Josephine
  4010 | D:10     | Killed Josephine
  4020 | D:10     | Reached XP level 12. HP: 104/104 MP: 1/22
  4180 | D:10     | Found an opulent altar of Gozag.
  4183 | D:10     | Found an ancient bone altar of Kikubaaqudgha.
  4300 | D:11     | Noticed a two-headed ogre
  4309 | D:11     | Killed a two-headed ogre
  4310 | D:11     | Reached skill level 5 in Fire Magic
  4310 | D:11     | Reached skill level 5 in Air Magic
  4705 | D:12     | Reached ***** piety under Vehumet
  4707 | D:12     | Offered knowledge of Conjure Ball Lightning by Vehumet.
  5023 | D:12     | Reached XP level 13. HP: 109/111 MP: 16/23
  5808 | D:14     | Noticed a tengu warrior
  5815 | D:14     | Killed a tengu warrior
  5889 | D:14     | Noticed a tengu warrior
  5894 | D:14     | Killed a tengu warrior
  6004 | D:14     | Identified Roxanne's Volume of Transformation
  6004 | D:14     | Noticed Roxanne
  6086 | D:15     | Entered Level 15 of the Dungeon
  6096 | Abyss:3  | Cast into level 3 of the Abyss (a wizard)
  6097 | Abyss:3  | Found a corrupted altar of Lugonu.
  6108 | Abyss:3  | Noticed a starcursed mass
  6142 | Abyss:3  | Noticed a crystal guardian
  6148 | Abyss:3  | Reached skill level 12 in Dodging
  6148 | Abyss:3  | Reached XP level 14. HP: 38/124 MP: 24/24
  6149 | Abyss:3  | Reached skill level 13 in Dodging
  6149 | Abyss:3  | Reached XP level 15. HP: 42/134 MP: 25/25
  6184 | Abyss:3  | Noticed a tentacled starspawn
  6186 | Abyss:3  | Gained mutation: Your body sometimes deteriorates upon
                  | taking damage. [a neqoxec]
  6189 | Abyss:3  | Noticed a starcursed mass
  6191 | Abyss:3  | Noticed a purple very ugly thing
  6191 | Abyss:3  | Noticed a tentacled starspawn
  6191 | Abyss:3  | Noticed a purple very ugly thing
  6192 | Abyss:3  | Paralysed by accursed screaming for 1 turns
  6197 | Abyss:3  | Reached skill level 15 in Dodging
  6197 | Abyss:3  | Reached XP level 16. HP: 43/145 MP: 16/21
  6209 | Abyss:3  | HP: 5/145 [wretched star/lance of force (19)]
  6209 | Abyss:3  | Killed from afar by a starcursed mass

Illustrated notes

Levels and vault maps discovered:
D:1:      ncdulo_wetmaze, layout_basic, ebering_ecumenical_altar_rust
D:2:      layout_basic, chequers_serial_rivers_micro_c, hex_tiny, hex_medium,
          kennysheep_generic_room_2, uniq_robin
D:3:      layout_rooms, vehumet_altar_wand_db, kennysheep_doodads,
          saegor_snake_ambush
D:4:      layout_rooms, nicolae_uskayaw_en_pointe, uniq_sigmund
D:5:      minmay_evil_eye, layout_rooms
D:6:      minmay_spotlight, layout_basic, pf_guarded_unrand_woodcutter
D:7:      layout_cave_pools, minmay_temple_entry_drinking_statues
D:8:      layout_loops_ring
D:9:      layout_irregular_city, gammafunk_temple_overflow_pools,
          erik_lair_orcish_takeover, orc_0_dummy, enter_bailey_3, uniq_grum
D:10:     layout_basic, nicolae_overflow_squiral, minmay_crystal_room,
          uniq_josephine
D:11:     layout_long_grid
D:12:     layout_small_grid, minmay_variable_closet
D:13:     layout_loops_corners
D:14:     layout_stronghold, david_vaults_5, chequers_serial_rivers_room_a,
          uniq_roxanne
D:15:     gammafunk_depths_entry_grave, layout_basic, doesnt_xom_only_xom
Abyss:3:  base: D:7, bh_abyss_xom_lugonu_altar, minivault_22,
          evilmike_abyss_exit_16, nicolae_abyss_rune_star_stuff

Skill      XL: |  1  2  3  4  5  6  7  8  9 10 11 12 13 14 15 |
---------------+----------------------------------------------+-----
Spellcasting   | 3 4 5 6 |  6.1
Conjurations   | 5 6 7 8 10 12 | 12.9
Hexes          | 1 3 5 7 9 |  9.2
Fighting       | 2 7 9 11 12 13 | 13.8
Dodging        | 3 8 10 12 13 15 | 15.2
Fire Magic     | 4 8 |  8.8
Air Magic      | 4 8 |  8.7
Stealth        | |  1.4

Action                   |  1- 3 |  4- 6 |  7- 9 | 10-12 | 13-15 | 16-18 || total
-------------------------+-------+-------+-------+-------+-------+-------++-------
Melee: Unarmed           |     5 |       |       |       |       |       ||     5
       Dagger            |       |       |    18 |       |       |       ||    18
       Battleaxe         |       |       |     7 |    42 |    20 |       ||    69
 Cast: Magic Dart        |     9 |    67 |       |     1 |       |       ||    77
       Searing Ray       |    17 |    13 |    33 |    27 |     4 |       ||    94
       Fulminant Prism   |       |       |    21 |    76 |    23 |     2 ||   122
       Iskenderun's Myst |       |       |     4 |     6 |       |       ||    10
       Arcjolt           |       |       |       |     9 |     6 |     2 ||    17
       Inner Flame       |       |       |       |     4 |       |       ||     4
       Flame Wave        |       |       |       |    22 |     7 |     1 ||    30
Evoke: Wand              |       |       |       |    12 |     2 |       ||    14
  Use: Potion            |       |       |       |     3 |     9 |     5 ||    17
       Scroll            |       |       |       |     7 |    10 |       ||    17
Armor: Robe              |     4 |     7 |    16 |    10 |       |       ||    37
       Steam dragon scal |       |       |       |    51 |    14 |       ||    65
       Troll leather arm |       |       |       |       |    19 |     3 ||    22
Dodge: Dodged            |    21 |    19 |    24 |   126 |    43 |     8 ||   241

Table legend: (Time is in decaauts)
 A = Elapsed time spent in this place.
 B = Non-inter-level travel time spent in this place.
 C = Inter-level travel time spent in this place.
 D = Time resting spent in this place.
 E = Time spent auto-exploring this place.
 F = Levels seen in this place.
 G = Mean time per level.
                   A        B        C        D        E       F      G
               +--------+--------+--------+--------+--------+-----+--------+
         Total |   6211 |   6167 |     44 |     83 |     11 |  17 |  365.4 |
       Dungeon |   5755 |   5711 |     44 |      0 |     11 |  15 |  383.7 |
         Abyss |     97 |     97 |      0 |      0 |      0 |   1 |   97.0 |
        Bailey |    358 |    358 |      0 |     83 |      0 |   1 |  358.0 |
               +--------+--------+--------+--------+--------+-----+--------+

Top non-repeatable levels by time:
    D:13: 645 daAuts
     D:9: 565 daAuts
     D:6: 484 daAuts
     D:8: 449 daAuts
    D:12: 445 daAuts
     D:5: 412 daAuts
    D:10: 396 daAuts
    D:11: 384 daAuts
     D:2: 365 daAuts
  Bailey: 358 daAuts
     D:4: 332 daAuts
    D:14: 327 daAuts
     D:7: 318 daAuts
     D:1: 316 daAuts
     D:3: 312 daAuts
